 Dungeon Crawl Stone Soup version 0.30-b1-2-g02819fbbbe (webtiles) character file.

Game seed: 7907852220388172842

704 raph the Digger (level 7, -3/38 HPs)
             Began as a Deep Elf Earth Elementalist on Oct 8, 2023.
             Constricted to death by Grinder (6 damage)
             ... on level 5 of the Dungeon.
             The game lasted 00:07:09 (6326 turns).

raph the Digger (Deep Elf Earth Elementalist)       Turns: 6326, Time: 00:07:10

Health: -3/38      AC:  5    Str:  5    XL:     7   Next: 39%
Magic:  9/17       EV: 14    Int: 22    God:
Gold:   172        SH:  4    Dex: 15    Spells: 6/16 levels left

rFire   . . .        i - +0 dagger
rCold   . . .        h - +0 buckler
rNeg    . . .        a - +0 robe
rPois   .            (no helmet)
rElec   .            k - +2 cloak
rCorr   .            (no gloves)
SInv    .            (no boots)
Will    +....        (no amulet)
Stlth   +++          c - ring of willpower
HPRegen 0.26/turn    s - +5 ring of evasion
MPRegen 0.15/turn

%: no passive effects
@: grasped by roots, very slightly contaminated, constricted
A: no striking features
a: no special abilities


You were on level 5 of the Dungeon.
You visited 1 branch of the dungeon, and saw 5 of its levels.

You collected 287 gold pieces.
You spent 115 gold pieces at shops.

Inventory:

Hand Weapons
 i - a +0 dagger (weapon)
Missiles
 g - 3 poisoned darts
Armour
 a - a +0 robe (worn)
 h - a +0 buckler (worn)
 k - a +2 cloak (worn)
Jewellery
 c - a ring of willpower (left hand)
 s - a +5 ring of evasion (right hand)
Wands
 n - a wand of roots (1)
 t - a wand of flame (7)
Potions
 b - a potion of magic
 d - 2 potions of might
 e - 4 potions of heal wounds
 f - 3 potions of curing
 j - a potion of degeneration {unknown}
 l - a potion of flight {unknown}
 m - a potion of lignification {unknown}
 o - a potion of brilliance {unknown}
 p - a potion of ambrosia {unknown}
 q - a potion of haste {unknown}
 r - a potion of berserk rage {unknown}
 u - a potion of attraction {unknown}


   Skills:
 + Level 1.6 Fighting
 + Level 3.6 Dodging
 + Level 3.8 Stealth
 + Level 1.5 Shields
 + Level 5.4 Spellcasting
 + Level 2.9 Transmutations
 * Level 6.4 Earth Magic


You had 6 spell levels left.
You knew the following spells:

 Your Spells              Type           Power      Damage    Failure   Level
a - Sandblast             Erth           68%        2d15      1%          1
b - Passwall              Tmut/Erth      21%        N/A       3%          2
c - Stone Arrow           Conj/Erth      40%        3d9       14%         3
d - Petrify               Tmut/Erth      26%        N/A       26%         4

Your spell library contained the following spells:

 Spells                   Type           Power      Damage    Failure   Level
 Beastly Appendage        Tmut           36%        N/A       5%          1
 Wereblood                Tmut           18%        N/A       8%          2
 Spider Form              Tmut/Pois      12%        N/A       28%         3


Dungeon Overview and Level Annotations

Branches:
Dungeon (5/15)
 Temple: D:4-7

Altars:
Dithmenos
Trog
Xom
Yredelemnul
The Shining One

Shops:
D:3 [

Annotations:
D:5 Grinder


Message History

You see here a worm corpse.
You hit the iguana but do no damage. You block the iguana's attack.
Aiming: Sandblast (safe; 1% risk of failure)
Press: ? - help, Q - select action, (/) - cycle Shift-Dir - straight line, f/p - Grinder
Aim: Grinder, carrying a wand of roots (11) (almost dead, 82% to hit)
The blast of sand hits the iguana.
The iguana is lightly wounded.
The iguana bites you. The iguana misses you. Magic courses through your body.
The iguana barely misses you.
Your magical contamination has completely faded away.
Casting: Sandblast (safe; 1% risk of failure)
Confirm with . or Enter, or press ? or * to list all spells.
Aiming: Stone Arrow (quite dangerous; 14% risk of failure)
Press: ? - help, Shift-Dir - straight line, f/p - Grinder
Aim: Grinder, carrying a wand of roots (11) (almost dead, 68% to hit)
The stone arrow hits the iguana!!
You kill the iguana!
Grinder gestures at you. Pain shoots through your body!
* * * LOW HITPOINT WARNING * * *
Casting: Stone Arrow (quite dangerous; 14% risk of failure)
Confirm with . or Enter, or press ? or * to list all spells.
Aiming: Stone Arrow (quite dangerous; 14% risk of failure)
Press: ? - help, Shift-Dir - straight line, f/p - Grinder
Aim: Grinder, carrying a wand of roots (11) (almost dead, 68% to hit)
You miscast Stone Arrow.
You are very lightly contaminated with residual magic.
Nothing appears to happen.
Grinder zaps a wand.
The roots erupt in riotous growth!
The grasping roots grab you! The grasping roots constrict you!
* * * LOW HITPOINT WARNING * * *
Casting: Stone Arrow (quite dangerous; 14% risk of failure)
Confirm with . or Enter, or press ? or * to list all spells.
Aiming: Stone Arrow (quite dangerous; 14% risk of failure)
Press: ? - help, Shift-Dir - straight line, f/p - Grinder
Aim: Grinder, carrying a wand of roots (10) (almost dead, 68% to hit)
The stone arrow misses Grinder.
Grinder blinks!
The grasping roots constrict you.
You die...

#. #....###.. #.#
####.# ##. #.# #.# #.
#.# #.## #. ###.#
###..# #. ####...#
#.#..###. .......#
#.#......
#...#####+#####.#.....#
#...§†@..5......#......
#)#.###########.#....#.
# #.# #.#...... #.#
#.......# #5# #######.#
#.# #........ #.#
#######.# #.# ### #.#
#<# #.#


You could see Grinder.

Vanquished Creatures
  Sigmund (D:5)
  A centaur (D:5)
  3 scorpions
  A hound (D:4)
  An orc priest (D:4)
  3 iguanas (D:5)
  3 gnolls (D:4)
  5 adders
  A worm (D:5)
  2 dart slugs (D:1)
  12 orcs
  4 ball pythons
  6 endoplasms
  3 giant cockroaches (D:1)
  2 goblins
  9 hobgoblins
  3 jackals (D:1)
  2 kobolds (D:3)
  3 quokkas
  7 bats
  3 frilled lizards
  6 rats
81 creatures vanquished.

Notes
Turn   | Place    | Note
-------+----------+-------------------------------------------
     0 | D:1      | raph the Deep Elf Earth Elementalist began the quest for
                  | the Orb.
     0 | D:1      | Reached XP level 1. HP: 10/10 MP: 6/6
   232 | D:1      | Found a faded altar of an unknown god.
   239 | D:1      | Reached XP level 2. HP: 15/15 MP: 6/8
   420 | D:1      | Reached skill level 4 in Earth Magic
   695 | D:1      | Reached XP level 3. HP: 19/19 MP: 8/10
   698 | D:1      | Learned a level 2 spell: Passwall
   702 | D:1      | Learned a level 3 spell: Stone Arrow
  2519 | D:3      | Reached XP level 4. HP: 24/24 MP: 8/12
  2556 | D:3      | Learned a level 4 spell: Petrify
  2607 | D:3      | Found Harodo's Armour Shoppe.
  2653 | D:3      | Bought a +1 cloak for 115 gold pieces
  3250 | D:3      | Reached skill level 5 in Earth Magic
  3867 | D:4      | Found a shadowy altar of Dithmenos.
  3928 | D:4      | Reached XP level 5. HP: 28/28 MP: 0/13
  4242 | D:4      | Found a bloodstained altar of Trog.
  4243 | D:4      | Found a shimmering altar of Xom.
  4752 | D:4      | Reached XP level 6. HP: 33/33 MP: 11/15
  4946 | D:4      | Found a basalt altar of Yredelemnul.
  4951 | D:4      | Found a glowing golden altar of the Shining One.
  4953 | D:4      | Noticed an angel
  5679 | D:5      | Entered Level 5 of the Dungeon
  5688 | D:5      | Reached skill level 1 in Fighting
  5688 | D:5      | Reached skill level 1 in Shields
  5688 | D:5      | Reached skill level 5 in Spellcasting
  5834 | D:5      | Reached skill level 6 in Earth Magic
  5919 | D:5      | Noticed Sigmund
  5928 | D:5      | Killed Sigmund
  5929 | D:5      | Reached XP level 7. HP: 38/38 MP: 0/17
  6299 | D:5      | Noticed Grinder
  6326 | D:5      | Constricted to death by Grinder

Illustrated notes

Levels and vault maps discovered:
D:1:      minmay_arrival_open_corners, layout_basic,
          ebering_ecumenical_altar_webs, minmay_tromino_v2
D:2:      layout_basic, st_stairs_10
D:3:      layout_basic, serial_shops, nicolae_shop_waterfront,
          minmay_close_crescents
D:4:      layout_layer_cave, grunt_temple_overflow_holy_war,
          nicolae_dithmenos_through_a_glass_darkly,
          mainiacjoe_overflow_divided_tiny
D:5:      layout_basic, uniq_sigmund, uniq_grinder, uniq_blork_the_orc

Skill      XL: |  1  2  3  4  5  6 |
---------------+-------------------+-----
Earth Magic    | 4 5 6 |  6.4
Spellcasting   | 4 5 |  5.4
Transmutations | 2 |  2.9
Stealth        | 3 |  3.8
Dodging        | 3 |  3.6
Fighting       | 1 |  1.6
Shields        | 1 |  1.5

Action                     |  1- 3 |  4- 6 |  7- 9 || total
---------------------------+-------+-------+-------++-------
  Melee: Unarmed           |     1 |       |       ||     1
         Dagger            |     2 |     3 |     1 ||     6
         Punch             |       |     1 |       ||     1
  Throw: Dart              |     3 |     3 |       ||     6
   Cast: Sandblast         |    34 |    22 |    10 ||    66
         Stone Arrow       |    11 |    36 |     5 ||    52
         Passwall          |       |     2 |       ||     2
         Petrify           |       |     1 |     1 ||     2
    Use: Scroll            |     1 |     5 |     3 ||     9
         Potion            |       |       |     1 ||     1
   Stab: Sleeping          |     2 |       |       ||     2
 Armour: Robe              |     3 |     4 |     1 ||     8
  Dodge: Dodged            |     7 |     9 |     2 ||    18
  Block: Buckler           |       |     2 |     2 ||     4
